 Dungeon Crawl Stone Soup version 0.28.0-49-g6dfe1f597d (webtiles) character file.

Game seed: 15528803811778411978

34 acdeimund the Conjurer (level 3, -5/19 HPs)
             Began as a Deep Elf Fire Elementalist on May 16, 2022.
             Slain by a gnoll
             ... wielding a +4 spear
              (6 damage)
             ... on level 1 of the Dungeon on May 17, 2022.
             The game lasted 00:06:21 (823 turns).

acdeimund the Conjurer (Deep Elf Fire Elementalist)  Turns: 823, Time: 00:06:22

Health: -5/19      AC:  2    Str:  5    XL:     3   Next: 14%
Magic:  4/9        EV: 12    Int: 21    God:
Gold:   33         SH:  0    Dex: 15    Spells: 2/8 levels left

rFire   . . .      SeeInvis .   e - +1 short sword (venom)
rCold   . . .      Faith    .   (no shield)
rNeg    . . .      Spirit   .   a - +0 robe
rPois   .          Reflect  .   (no helmet)
rElec   .          Harm     .   (no cloak)
rCorr   .          Rampage  .   (no gloves)
Will    .....                   (no boots)
Stlth   ++........              (no amulet)
HPRegen 0.06/turn               (no ring)
MPRegen 0.11/turn               (no ring)

@: no status effects
A: no striking features
a: no special abilities


You were on level 1 of the Dungeon.
You visited 1 branch of the dungeon, and saw 1 of its levels.

You collected 33 gold pieces.

Inventory:

Hand Weapons
 b - a +0 short sword
 d - a +0 dagger
 e - a +1 short sword of venom (weapon)
Armour
 a - a +0 robe (worn)
Scrolls
 c - a scroll of brand weapon {unknown}
 h - a scroll of holy word {unknown}
Potions
 f - a potion of haste {unknown}
 g - a potion of cancellation {unknown}


   Skills:
 - Level 2.4 Dodging
 - Level 2.4 Stealth
 + Level 3.0 Spellcasting
 + Level 3.4 Conjurations
 + Level 3.3 Fire Magic


You had 2 spell levels left.
You knew the following spells:

 Your Spells              Type           Power      Damage    Failure   Level
a - Foxfire               Conj/Fire      68%        2x1d7     3%          1
b - Scorch                Fire           34%        2d6       5%          2
c - Conjure Flame         Conj/Fire      17%        6-21      10%         3

Your spell library contained the following spells:

 Spells                   Type           Power      Damage    Failure   Level
 Inner Flame              Hex/Fire       10%        N/A       21%         3
 Flame Wave               Conj/Fire      17%        2d6       32%         4


Dungeon Overview and Level Annotations

Branches:
Dungeon (1/15)

Altars:

Shops:
D:1 [


Message History

A gnoll comes into view. It is wielding a +4 spear.
Casting: Foxfire (safe; 3% risk of failure)
Press: ? - help, Q - select action, (/) - cycle Dir - look around, f - activate You conjure some foxfire!
The gnoll shouts!
Your foxfire dissipates!
The foxfire hits the gnoll.
The gnoll is lightly wounded.
The foxfire hits the gnoll.
The gnoll is moderately wounded.
Casting: Foxfire (safe; 3% risk of failure)
Press: ? - help, Q - select action, (/) - cycle Dir - look around, f - activate You conjure some foxfire!
The foxfire hits the gnoll.
The gnoll is heavily wounded.
The foxfire hits the gnoll.
The gnoll is heavily wounded.
Casting: Foxfire (safe; 3% risk of failure)
Press: ? - help, Q - select action, (/) - cycle Dir - look around, f - activate You conjure some foxfire!
The gnoll hits you from afar with a +4 spear!
Ouch! That really hurt!
The foxfire hits the gnoll.
The gnoll is almost dead.
The foxfire hits the gnoll.
The gnoll is almost dead.
Casting: Foxfire (safe; 3% risk of failure)
Press: ? - help, Q - select action, (/) - cycle Dir - look around, f - activate You conjure some foxfire!
The gnoll closely misses you.
Your foxfire dissipates!
The foxfire hits the gnoll.
The gnoll is almost dead.
The gnoll hits you from afar with a +4 spear!
* * * LOW HITPOINT WARNING * * *
Casting: Foxfire (safe; 3% risk of failure)
Press: ? - help, Q - select action, (/) - cycle Dir - look around, f - activate You conjure some foxfire!
The gnoll hits you from afar with a +4 spear.
You die...

#.# #.#### #.##..
#.##.# . #.##.# ..
###.##.# ...
#.#.##.#### #
...##.#.##..gv##.#
.............gg.@v.#
.....##.##....######
.....##.......#
........#####.#
.....##...ยง...#
.... #.#####.# ##
#######.# #.....#
#######


You could see a gnoll (ally target) and 2 hobgoblins.

Vanquished Creatures
  A gnoll (D:1)
  2 ball pythons (D:1)
  3 endoplasms (D:1)
  2 giant cockroaches (D:1)
  2 goblins (D:1)
  A hobgoblin (D:1)
  4 kobolds (D:1)
  A quokka (D:1)
  3 bats (D:1)
  2 frilled lizards (D:1)
  2 rats (D:1)
23 creatures vanquished.

Vanquished Creatures (others)
  58 foxfires (D:1)
58 creatures vanquished.

Grand Total: 81 creatures vanquished

Notes
Turn   | Place    | Note
-------+----------+-------------------------------------------
     0 | D:1      | acdeimund the Deep Elf Fire Elementalist began the quest
                  | for the Orb.
     0 | D:1      | Reached XP level 1. HP: 10/10 MP: 6/6
   153 | D:1      | Reached XP level 2. HP: 15/15 MP: 5/8
   156 | D:1      | Learned a level 2 spell: Scorch
   380 | D:1      | Found Coloiqag's Antique Armour Shoppe.
   631 | D:1      | Reached XP level 3. HP: 19/19 MP: 5/9
   690 | D:1      | Learned a level 3 spell: Conjure Flame
   823 | D:1      | Slain by a gnoll

Illustrated notes

Levels and vault maps discovered:
D:1:      moated_graveyard_arrival, layout_basic, serial_shops,
          nicolae_shop_trees

Skill      XL: |  1  2 |
---------------+-------+-----
Conjurations   | 2 3 |  3.4
Dodging        | |  2.4
Stealth        | |  2.4
Spellcasting   | |  3.0
Fire Magic     | |  3.3

Action                   || total
-------------------------++-------
Melee: Short sword       ||     1
 Cast: Foxfire           ||    36
       Scorch            ||     4
Dodge: Dodged            ||     6
